ITL
HAVANA ROLLERS @ BIRMINGHAM BARONS
05/18/2026
 
TOP OF THE 1ST
Havana Rollers batting - Pitching for Birmingham Barons : RHP Pedro Valdés
Pitching: RHP Pedro Valdés
Batting: LHB Jimmy Husted 0-0: Foul Ball, location: 2F
0-1: Foul Ball, location: 2F
0-2: Foul Ball, location: 2F
0-2: Ground out 4-3 (Groundball, 34)
Batting: RHB Ed Sims 0-0: Called Strike
0-1: Foul Ball, location: 2F
0-2: Ball
1-2: Foul Ball, location: 2F
1-2: Ground out U3 (Groundball, 3)
Batting: LHB Bob Martin 0-0: Ball
1-0: Called Strike
1-1: Ball
2-1: Ball
3-1: SINGLE (Groundball, 4M)
Pitching: LHP Manuel Soto
Batting: SHB Chris Bennis 0-0: Fly out, F8 (Flyball, 8RD)
Top of the 1st over - 0 run(s), 1 hit(s), 0 error(s), 1 left on base; Havana 0 - Birmingham 0
BOTTOM OF THE 1ST
Birmingham Barons batting - Pitching for Havana Rollers : LHP Mike Doss
Pitching: LHP Mike Doss
Batting: SHB Anastasio Ortíz 0-0: Ball
1-0: Ball
2-0: Foul Ball, location: 2F
2-1: Fly out, F7 (Flyball, 78S)
Batting: RHB Todd Rogers 0-0: Fly out, F9 (Flyball, 89M)
Batting: RHB Vicente Elías 0-0: Fly out, F8 (Flyball, 8RD)
Bottom of the 1st over - 0 run(s), 0 hit(s), 0 error(s), 0 left on base; Havana 0 - Birmingham 0
TOP OF THE 2ND
Havana Rollers batting - Pitching for Birmingham Barons : LHP Manuel Soto
Batting: LHB Enrique Cortéz 0-0: Called Strike
0-1: Foul Ball, location: 2F
0-2: Ball
1-2: Foul Ball, location: 2F
1-2: Foul Ball, location: 2F
1-2: Strikes out looking
Batting: RHB Salvador Borbón 0-0: Ball
1-0: Ball
2-0: Ball
3-0: Base on Balls
Batting: SHB Pepe Pińa 0-0: Ball
1-0: Called Strike
1-1: Fly out, F8 (Flyball, 78M)
Batting: RHB Jack Bailey 0-0: Ball
1-0: Swinging Strike
1-1: Ball
2-1: Ball
3-1: Base on Balls
Salvador Borbón to second
Batting: LHB José Torres 0-0: Called Strike
0-1: Foul Ball, location: 2F
0-2: Ball
1-2: Strikes out swinging
Top of the 2nd over - 0 run(s), 0 hit(s), 0 error(s), 2 left on base; Havana 0 - Birmingham 0
BOTTOM OF THE 2ND
Birmingham Barons batting - Pitching for Havana Rollers : LHP Mike Doss
Batting: RHB Manny Sánchez 0-0: Ball
1-0: Foul Ball, location: 2F
1-1: Ball
2-1: DOUBLE (Groundball, 5L)
Batting: LHB José Hernández 0-0: Ball
1-0: Called Strike
1-1: Called Strike
1-2: Ball
2-2: Ball
3-2: Foul Ball, location: 2F
3-2: Base on Balls
Batting: RHB Juan Jiménez 0-0: Ball
1-0: Grounds into double play, 6-4-3 (Groundball, 6)
Manny Sánchez to third
Batting: LHB Ben Kelley 0-0: Called Strike
0-1: DOUBLE (Line Drive, 78M)
Manny Sánchez scores
Batting: SHB Terry O'Farrell 0-0: Ball
1-0: DOUBLE (Flyball, 78XD)
Ben Kelley scores
Batting: LHB Curt Causton 0-0: Foul Ball, location: 2F
0-1: Ground out U3 (Groundball, 3S)
Bottom of the 2nd over - 2 run(s), 3 hit(s), 0 error(s), 1 left on base; Havana 0 - Birmingham 2
TOP OF THE 3RD
Havana Rollers batting - Pitching for Birmingham Barons : LHP Manuel Soto
Batting: LHB Jimmy Husted 0-0: Called Strike
0-1: Foul Ball, location: 2F
0-2: Ball
1-2: Foul Ball, location: 2F
1-2: Ball
2-2: Ball
3-2: Ground out 6-3 (Groundball, 6M)
Batting: RHB Ed Sims 0-0: Foul Ball, location: 2F
0-1: Foul Ball, location: 2F
0-2: Ball
1-2: SINGLE (Line Drive, 9S)
Pitching: LHP Paul Moore
Batting: LHB Bob Martin 0-0: Swinging Strike
0-1: Foul Ball, location: 2F
0-2: Foul Ball, location: 2F
0-2: Strikes out swinging
Batting: SHB Chris Bennis 0-0: Ball
1-0: Fielders Choice at 2nd, U6 (Groundball, 6M)
Top of the 3rd over - 0 run(s), 1 hit(s), 0 error(s), 1 left on base; Havana 0 - Birmingham 2
BOTTOM OF THE 3RD
Birmingham Barons batting - Pitching for Havana Rollers : LHP Mike Doss
Batting: SHB Anastasio Ortíz 0-0: Foul Ball, location: 2F
0-1: Ball
1-1: Ground out 6-3 (Groundball, 6)
Batting: RHB Todd Rogers 0-0: Ball
1-0: Foul Ball, location: 2F
1-1: Swinging Strike
1-2: Ball
2-2: Ball
3-2: Ground out 5-3 (Groundball, 5S)
Batting: RHB Vicente Elías 0-0: Swinging Strike
0-1: Ball
1-1: Ground out 1-3 (Groundball, 15)
Bottom of the 3rd over - 0 run(s), 0 hit(s), 0 error(s), 0 left on base; Havana 0 - Birmingham 2
TOP OF THE 4TH
Havana Rollers batting - Pitching for Birmingham Barons : LHP Paul Moore
Batting: LHB Enrique Cortéz 0-0: SINGLE (Groundball, 4MD)
Batting: RHB Salvador Borbón 0-0: Swinging Strike
0-1: DOUBLE (Line Drive, 8LXD)
Enrique Cortéz to third
Batting: SHB Pepe Pińa 0-0: Foul Ball, location: 2F
0-1: Swinging Strike
0-2: Ball
1-2: Ball
2-2: Strikes out swinging
Pitching: RHP Jim Hicks
Batting: RHB Jack Bailey 0-0: Ball
1-0: Foul Ball, location: 2F
1-1: Fly out, F4 (Popup, 4M)
Batting: LHB José Torres 0-0: 3-RUN HOME RUN (Flyball, 9D), Distance : 353 ft
Batting: LHB Jimmy Husted 0-0: Ball
1-0: Called Strike
1-1: Ball
2-1: Ground out 5-3 (Groundball, 15S)
Top of the 4th over - 3 run(s), 3 hit(s), 0 error(s), 0 left on base; Havana 3 - Birmingham 2
BOTTOM OF THE 4TH
Birmingham Barons batting - Pitching for Havana Rollers : LHP Mike Doss
Batting: RHB Manny Sánchez 0-0: Called Strike
0-1: Ball
1-1: Foul Ball, location: 2F
1-2: Strikes out looking
Batting: LHB José Hernández 0-0: Foul Ball, location: 2F
0-1: Ball
1-1: Swinging Strike
1-2: SINGLE (Line Drive, 4D)
Batting: RHB Juan Jiménez 0-0: Called Strike
0-1: Foul Ball, location: 2F
0-2: Ball
1-2: Ball
2-2: Fly out, F8 (Flyball, 8RD)
Batting: LHB Ben Kelley 0-0: Fly out, F6 (Popup, 56D)
Bottom of the 4th over - 0 run(s), 1 hit(s), 0 error(s), 1 left on base; Havana 3 - Birmingham 2
TOP OF THE 5TH
Havana Rollers batting - Pitching for Birmingham Barons : RHP Jim Hicks
Batting: RHB Ed Sims 0-0: Foul Ball, location: 2F
0-1: Ball
1-1: Ball
2-1: Called Strike
2-2: Strikes out swinging, 2-3 out at first.
Pitching: LHP Richard Simpson
Batting: LHB Bob Martin 0-0: Foul Ball, location: 2F
0-1: Ball
1-1: Ground out 4-3 (Groundball, 4)
Batting: SHB Chris Bennis 0-0: Ball
1-0: Called Strike
1-1: Fly out, F9 (Flyball, 89D)
Top of the 5th over - 0 run(s), 0 hit(s), 0 error(s), 0 left on base; Havana 3 - Birmingham 2
BOTTOM OF THE 5TH
Birmingham Barons batting - Pitching for Havana Rollers : LHP Mike Doss
Batting: SHB Terry O'Farrell 0-0: Called Strike
0-1: SINGLE (Groundball, 56D)
Batting: LHB Curt Causton 0-0: Called Strike
0-1: Swinging Strike
0-2: Strikes out swinging
Batting: SHB Anastasio Ortíz 0-0: Ball
1-0: Called Strike
1-1: Ball
2-1: Foul Ball, location: 2F
2-2: Ball
3-2: Fly out, F6 (Line Drive, 6M)
Batting: RHB Todd Rogers 0-0: Foul Ball, location: 2F
0-1: Ball
1-1: Foul Ball, location: 2F
1-2: SINGLE (Popup, 8RS)
Terry O'Farrell to second
Runner from 2nd tries for 3rd, SAFE, throw made to third
Batting: RHB Vicente Elías 0-0: Fly out, F9 (Popup, 9S)
Bottom of the 5th over - 0 run(s), 2 hit(s), 0 error(s), 2 left on base; Havana 3 - Birmingham 2
TOP OF THE 6TH
Havana Rollers batting - Pitching for Birmingham Barons : LHP Richard Simpson
Batting: LHB Enrique Cortéz 0-0: Ball
1-0: Called Strike
1-1: Called Strike
1-2: Ball
2-2: Strikes out swinging
Pitching: RHP Domingo Ortíz
Batting: RHB Salvador Borbón 0-0: Ball
1-0: Foul Ball, location: 2F
1-1: Ball
2-1: Swinging Strike
2-2: Ball
3-2: Base on Balls
Batting: SHB Pepe Pińa 0-0: Called Strike
Salvador Borbón is caught stealing 2nd base
0-1: Ball
1-1: Ball
2-1: Foul Ball, location: 2F
2-2: Ball
3-2: Strikes out looking
Top of the 6th over - 0 run(s), 0 hit(s), 0 error(s), 0 left on base; Havana 3 - Birmingham 2
BOTTOM OF THE 6TH
Birmingham Barons batting - Pitching for Havana Rollers : LHP Mike Doss
Batting: RHB Manny Sánchez 0-0: Ball
1-0: Called Strike
1-1: Ball
2-1: Fly out, F8 (Flyball, 8LS)
Batting: LHB José Hernández 0-0: Called Strike
0-1: Ball
1-1: Foul Ball, location: 2F
1-2: Strikes out swinging
Batting: RHB Juan Jiménez 0-0: Called Strike
0-1: Ball
1-1: Ball
2-1: Called Strike
2-2: Foul Ball, location: 2F
2-2: Ball
3-2: Ground out 4-3 (Groundball, 4)
Bottom of the 6th over - 0 run(s), 0 hit(s), 0 error(s), 0 left on base; Havana 3 - Birmingham 2
TOP OF THE 7TH
Havana Rollers batting - Pitching for Birmingham Barons : RHP Domingo Ortíz
Batting: RHB Jack Bailey 0-0: Ball
1-0: Ball
2-0: Ball
3-0: Called Strike
3-1: Foul Ball, location: 2F
3-2: SINGLE (Line Drive, 34D)
Pinch Hitting: LHB Zhi-huan Loong 0-0: Called Strike
0-1: Bunted foul
0-2: Ball
1-2: Fly out, F2 (Popup, 2LF)
Batting: LHB Jimmy Husted 0-0: Ball
1-0: Fly out, F7 (Line Drive, 7LD)
Batting: RHB Ed Sims 0-0: Ball
1-0: Foul Ball, location: 2F
1-1: Foul Ball, location: 2F
1-2: Ball
2-2: Ball
3-2: Base on Balls
Jack Bailey to second
Batting: LHB Bob Martin 0-0: Ball
1-0: Ball
2-0: Ball
3-0: Base on Balls
Jack Bailey to third
Ed Sims to second
Batting: SHB Chris Bennis 0-0: Called Strike
0-1: Ground out 3-1 (Groundball, 3)
Top of the 7th over - 0 run(s), 1 hit(s), 0 error(s), 3 left on base; Havana 3 - Birmingham 2
BOTTOM OF THE 7TH
Birmingham Barons batting - Pitching for Havana Rollers : LHP Mike Doss
Now in CF: Dani Gómez
Batting: LHB Ben Kelley 0-0: Ball
1-0: Called Strike
1-1: Ball
2-1: Foul Ball, location: 2F
2-2: Foul Ball, location: 2F
2-2: Ball
3-2: Foul Ball, location: 2F
3-2: Foul Ball, location: 2F
3-2: Foul Ball, location: 2F
3-2: Ground out 4-3 (Groundball, 4)
Batting: SHB Terry O'Farrell 0-0: Fly out, F8 (Flyball, 78XD)
Batting: LHB Curt Causton 0-0: Ball
1-0: Foul Ball, location: 2F
1-1: Foul Ball, location: 2F
1-2: Ball
2-2: Strikes out looking
Bottom of the 7th over - 0 run(s), 0 hit(s), 0 error(s), 0 left on base; Havana 3 - Birmingham 2
TOP OF THE 8TH
Havana Rollers batting - Pitching for Birmingham Barons : RHP Domingo Ortíz
Batting: LHB Enrique Cortéz 0-0: SINGLE (Line Drive, 4D)
Batting: RHB Salvador Borbón 0-0: Ball
1-0: Foul Ball, location: 2F
1-1: Bunted foul
1-2: Ball
2-2: Foul Ball, location: 2F
2-2: 2-RUN HOME RUN (Flyball, 8LXD), Distance : 425 ft
Batting: SHB Pepe Pińa 0-0: Swinging Strike
0-1: Ball
1-1: Foul Ball, location: 2F
1-2: Strikes out looking
Batting: RHB Jack Bailey 0-0: Called Strike
0-1: Called Strike
0-2: Ball
1-2: Foul Ball, location: 2F
1-2: Ground out 1-3 (Groundball, 15)
Batting: RHB Dani Gómez 0-0: Called Strike
0-1: Called Strike
0-2: Ball
1-2: Foul Ball, location: 2F
1-2: Ball
2-2: Foul Ball, location: 2F
2-2: SINGLE (Groundball, 4M) (infield hit)
Batting: LHB Jimmy Husted 0-0: SINGLE (Line Drive, 6D)
Dani Gómez to second
Batting: RHB Ed Sims 0-0: Fly out, F6 (Popup, 78S)
Top of the 8th over - 2 run(s), 4 hit(s), 0 error(s), 2 left on base; Havana 5 - Birmingham 2
BOTTOM OF THE 8TH
Birmingham Barons batting - Pitching for Havana Rollers : LHP Mike Doss
Batting: SHB Anastasio Ortíz 0-0: Ball
1-0: DOUBLE (Flyball, 8RXD)
Pitching: RHP Charlie Alexander
Batting: RHB Todd Rogers 0-0: Called Strike
0-1: Called Strike
0-2: 2-RUN HOME RUN (Flyball, 7D), Distance : 335 ft
Pitching: RHP Alfonso Ortíz
Batting: RHB Vicente Elías 0-0: Ball
1-0: Foul Ball, location: 2F
1-1: Ball
2-1: Ball
3-1: Called Strike
3-2: Ground out 5-3 (Groundball, 56S)
Batting: RHB Manny Sánchez 0-0: Ball
1-0: Ball
2-0: Ball
3-0: Base on Balls
Pitching: LHP Esteban Baca
Batting: LHB José Hernández 0-0: Ball
1-0: Foul Ball, location: 2F
1-1: Foul Ball, location: 2F
1-2: Strikes out swinging
Pitching: RHP Ramiro Pińa
Pinch Hitting: LHB Marc May 0-0: Ground out 4-3 (Groundball, 34)
Bottom of the 8th over - 2 run(s), 2 hit(s), 0 error(s), 1 left on base; Havana 5 - Birmingham 4
TOP OF THE 9TH
Havana Rollers batting - Pitching for Birmingham Barons : RHP Domingo Ortíz
Pitching: LHP Lee Reeves
Now at 3B: Leonel Mora
Batting: LHB Bob Martin 0-0: Ball
1-0: SINGLE (Groundball, 3D)
Pinch Hitting: RHB Carlos MacKinney 0-0: Called Strike
0-1: Ball
Wild Pitch!
Bob Martin to second
1-1: Intentional Walk
Pinch Hitting: RHB Paul Bailey 0-0: Fly out, F4 (Popup, 34D)
Batting: RHB Salvador Borbón 0-0: Called Strike
0-1: Foul Ball, location: 2F
0-2: Ball
1-2: Ball
2-2: Fly out, F8 (Flyball, 8LM)
Pinch Hitting: RHB Yaichiro Sugahara 0-0: Fly out, F5 (Line Drive, 56)
Top of the 9th over - 0 run(s), 1 hit(s), 0 error(s), 2 left on base; Havana 5 - Birmingham 4
BOTTOM OF THE 9TH
Birmingham Barons batting - Pitching for Havana Rollers : RHP Ramiro Pińa
Pitching: RHP Augusto Muńíz
Now at C: Yaichiro Sugahara
Now at 1B: Paul Bailey
Now in LF: José Flores
Batting: LHB Ben Kelley 0-0: SINGLE (Line Drive, 8LS)
Batting: SHB Terry O'Farrell 0-0: Sac Bunt - play at first, batter OUT! 2-4
Ben Kelley to second
Batting: LHB Curt Causton 0-0: Ball
1-0: Foul Ball, location: 2F
1-1: Foul Ball, location: 2F
1-2: Strikes out swinging
Batting: SHB Anastasio Ortíz 0-0: Ball
1-0: Ground out 5-3 (Groundball, 56)
Bottom of the 9th over - 0 run(s), 1 hit(s), 0 error(s), 1 left on base; Havana 5 - Birmingham 4
Monday, December 5th, 2016 - OOTP Baseball 17.12 Build 75